 Dungeon Crawl Stone Soup version 0.28.0-43-g3370ac3207 (webtiles) character file.

Game seed: 3817517646310715385

2 Icepheonix32 the Sneak (level 1, 0/9 HPs)
             Began as a Spriggan Enchanter on Mar 24, 2022.
             Slain by a goblin
             ... wielding a +0 club
              (3 damage)
             ... on level 1 of the Dungeon.
             The game lasted 00:00:09 (66 turns).

Icepheonix32 the Sneak (Spriggan Enchanter)           Turns: 66, Time: 00:00:09

Health: 0/9        AC:  2    Str:  4    XL:     1   Next: 25%
Magic:  5/5        EV: 17    Int: 16    God:
Gold:   0          SH:  0    Dex: 15    Spells: 5/5 levels left

rFire   . . .      SeeInvis +   a - +1 dagger
rCold   . . .      Faith    .   (no shield)
rNeg    . . .      Spirit   .   b - +0 robe
rPois   .          Reflect  .   (helmet restricted)
rElec   .          Harm     .   (no cloak)
rCorr   .          Rampage  .   (gloves unavailable)
Will    .....                   (boots unavailable)
Stlth   +++.......              (no amulet)
HPRegen 0.03/turn               (no ring)
MPRegen 0.09/turn               (no ring)

@: very quick
A: very small, no large weapons, unfitting armour, see invisible, speed 3
a: no special abilities


You were on level 1 of the Dungeon.
You visited 1 branch of the dungeon, and saw 1 of its levels.

Inventory:

Hand Weapons
 a - a +1 dagger (weapon)
Armour
 b - a +0 robe (worn)
Potions
 c - a potion of invisibility
 d - a potion of lignification {unknown}


   Skills:
 - Level 1.1 Short Blades
 - Level 2.6 Dodging
 * Level 4.5 Stealth
 - Level 2.6 Spellcasting
 + Level 3.7 Hexes


You had 5 spell levels left.
You didn't know any spells.
Your spell library contained the following spells:

 Spells                   Type           Power      Damage    Failure   Level
 Confusing Touch          Hex            14%        N/A       13%         3
 Tukima's Dance           Hex            14%        N/A       13%         3
 Ensorcelled Hibernation  Hex/Ice        16%        N/A       14%         2
 Dazzling Flash           Conj/Hex       16%        N/A       26%         3


Dungeon Overview and Level Annotations

Branches:
Dungeon (1/15)

Altars:


Innate Abilities, Weirdness & Mutations

You are very small and have problems with some larger weapons.
You are too small for most types of armour.
You have supernaturally acute eyesight. (SInv)
You cover ground extremely quickly. (Speed+++)


Message History

Found a staircase leading out of the dungeon.
d - a brown potion A goblin comes into view.
It is wielding a +0 dagger.
A goblin is nearby!
A goblin is nearby!
You closely miss the goblin. The goblin hits you with a +0 dagger.
You hit the goblin but do no damage. The goblin barely misses you.
You hit the goblin but do no damage. The goblin completely misses you.
You hit the goblin.
You kill the goblin!
No target in view!
No target in view!
HP restored.
A rat comes into view.
A rat is nearby!
A goblin comes into view. It is wielding a +0 club.
The goblin closely misses you.
You hit the rat.
The rat is moderately wounded.
The rat completely misses you. The goblin misses you.
You hit the rat.
You kill the rat!
The goblin barely misses you.
You hit the goblin.
The goblin is severely wounded.
The goblin hits you with a +0 club.
You completely miss the goblin.
The goblin is severely wounded.
The goblin hits you with a +0 club.
You are too injured to fight recklessly!
You are too injured to fight recklessly!
You are too injured to fight recklessly!
You are too injured to fight recklessly!
You barely miss the goblin.
The goblin is severely wounded.
The goblin hits you but does no damage.
You closely miss the goblin.
The goblin is heavily wounded.
The goblin hits you with a +0 club.
You die...

### ....##########
##...........#######
#......@............
....#..g###..#####
......... #..# #.
..........#..#######.##
#........##...).......#
#.###........#######..#
. ##.####..### #....##
## #....###.#...#
#.............


You could see a goblin.

Vanquished Creatures
  A goblin (D:1)
  A rat (D:1)
2 creatures vanquished.

Notes
Turn   | Place    | Note
-------+----------+-------------------------------------------
     0 | D:1      | Icepheonix32 the Spriggan Enchanter began the quest for the
                  | Orb.
     0 | D:1      | Reached XP level 1. HP: 9/9 MP: 5/5
    66 | D:1      | Slain by a goblin

Illustrated notes

Levels and vault maps discovered:
D:1:      tarquinn_simple_flora_water_a, layout_loops_ring,
          ebering_ecumenical_altar_mist, minmay_liquid_box, nrook_uturn,
          minmay_ruptured

Action                   || total
-------------------------++-------
Melee: Dagger            ||    10
Armor: Robe              ||     1
Dodge: Dodged            ||     6
